 Dungeon Crawl Stone Soup version 0.26-a0-812-g31a745ddcd (webtiles) character file.

Game seed: 11023673641581253220

18 Lanoc the Sneak (level 2, 0/22 HPs)
             Began as a Naga Hedge Wizard on Nov 21, 2020.
             Killed from afar by an orc wizard (8 damage)
             ... with a magic dart
             ... on level 3 of the Dungeon.
             The game lasted 00:00:56 (732 turns).

Lanoc the Sneak (Naga Hedge Wizard)                  Turns: 732, Time: 00:00:56

Health: 0/22       AC:  1    Str: 12    XL:     2   Next: 66%
Magic:  0/6        EV: 10    Int: 14    God:
Gold:   7          SH:  0    Dex: 10    Spells: 6/7 levels left

rFire    . . .     SeeInvis +   a - +0 dagger
rCold    . . .     Faith    .   (no shield)
rNeg     . . .     Spirit   .   b - +0 robe
rPois    +         Reflect  .   c - +0 hat
rElec    .         Harm     .   (no cloak)
rCorr    .         Rampage  .   (no gloves)
MR       .....                  (no barding)
Stlth    ++........             (no amulet)
HPRegen  0.07/turn              (no ring)
MPRegen  0.10/turn              (no ring)

@: very slow
A: large, see invisible, deformed body, poison resistance, slowness 2, spit
poison 1, AC +0
a: Spit Poison


You were on level 3 of the Dungeon.
You visited 1 branch of the dungeon, and saw 3 of its levels.

You collected 7 gold pieces.

Inventory:

Hand Weapons
 a - a +0 dagger (weapon)
Armour
 b - a +0 robe (worn)
 c - a +0 hat (worn)
Wands
 g - a wand of flame (11)
Scrolls
 d - a scroll of teleportation {unknown}
 f - a scroll of fear {unknown}
Potions
 e - a potion of lignification {unknown}


   Skills:
 + Level 2.1 Dodging
 - Level 3.0 Stealth
 - Level 3.0 Spellcasting
 + Level 1.9 Conjurations
   Level 1.0 Summonings
   Level 1.0 Translocations


You had 6 spell levels left.
You knew the following spells:

 Your Spells              Type           Power        Failure   Level
a - Magic Dart            Conj           #...         10%         1

Your spell library contained the following spells:

 Spells                   Type           Power        Failure   Level
 Blink                    Tloc           N/A          22%         2
 Call Imp                 Summ           #.......     22%         2
 Slow                     Hex            #.......     32%         2
 Conjure Flame            Conj/Fire      #.......     41%         3
 Mephitic Cloud           Conj/Pois/Air  #.......     45%         3


Dungeon Overview and Level Annotations

Branches:
Dungeon (3/15)

Altars:
Zin


Innate Abilities, Weirdness & Mutations

You cannot wear boots.
Your serpentine skin is tough. (AC +0)
You have supernaturally acute eyesight. (SInv)
Armour fits poorly on your strangely shaped body.
Your system is resistant to poisons. (rPois)
You cover ground very slowly.
You can spit poison.


Message History

The orc wizard is moderately wounded.
The orc wizard hits you but does no damage.
You hit the orc wizard.
The orc wizard is heavily wounded.
The orc wizard looks more healthy.
The orc wizard hits you but does no damage.
Casting: Magic Dart (safe; 10% risk of failure)
Confirm with . or Enter, or press ? or * to list all spells.
Aiming: Magic Dart (safe; 10% risk of failure)
Press: ? - help, Shift-Dir - straight line, f/p - orc wizard
Aim: an orc wizard, wielding a +0 dagger and wearing a +0 robe (severely wounded)
The magic dart hits the orc wizard but does no damage.
The orc wizard is severely wounded.
You have got your breath back.
The orc wizard points at you and mumbles some strange words.
The puff of flame hits you!
Your magical contamination has completely faded away.
The orc wizard casts a spell at you. The magic dart hits you!
You die...

#.# . .. #.# #. ..# # #.#
#.###.##. ###.# #......#.
#####...# ......
#......<# # #...#
#.###.#.#
..#.##...########.##....#
..'..)..@................
.#.##o..########.##...)#
#...S..# #.##..#.#
####.### #.##.##.# #.
#.##.##.# #. #.(.....# #.
####.#... #. #.#.## #.
....#


You could see an orc wizard and an adder.

Vanquished Creatures
  An ooze (D:1)
  A dart slug (D:1)
  An orc (D:3)
  A giant cockroach (D:1)
  3 goblins
  A hobgoblin (D:2)
  A kobold (D:2)
  A rat (D:1)
10 creatures vanquished.

Notes
Turn   | Place    | Note
-------+----------+-------------------------------------------
     0 | D:1      | Lanoc the Naga Hedge Wizard began the quest for the Orb.
     0 | D:1      | Reached XP level 1. HP: 15/15 MP: 4/4
   203 | D:1      | Reached XP level 2. HP: 9/22 MP: 0/6
   603 | D:2      | Found a glowing silver altar of Zin.
   732 | D:3      | Killed from afar by an orc wizard

Illustrated notes

Levels and vault maps discovered:
D:1:      enne_arrival_octagon_isle, layout_basic, chequers_big_river,
          minmay_stone_trees_small, st_stairs_12, grunt_decor_one_mirror
D:2:      layout_basic, overflow_temple_1_default
D:3:      layout_loops_corners, feat_on_display

Skill      XL: |  1  2 |
---------------+-------+-----
Dodging        | 2 |  2.1
Stealth        | |  3.0
Spellcasting   | |  3.0
Conjurations   | |  1.9
Summonings     | |  1.0
Translocations | |  1.0

Action                   || total
-------------------------++-------
Melee: Dagger            ||    18
 Cast: Magic Dart        ||    21
 Abil: Spit Poison       ||     7
Armor: Robe              ||     1
Dodge: Dodged            ||     7

Table legend: (Time is in decaauts)
 A = Elapsed time spent in this place.
 B = Non-inter-level travel time spent in this place.
 C = Inter-level travel time spent in this place.
 D = Time resting spent in this place.
 E = Time spent auto-exploring this place.
 F = Levels seen in this place.
 G = Mean time per level.
                   A        B        C        D        E       F      G
               +--------+--------+--------+--------+--------+-----+--------+
         Total |    815 |    772 |     43 |      0 |    695 |   3 |  271.7 |
       Dungeon |    815 |    772 |     43 |      0 |    695 |   3 |  271.7 |
               +--------+--------+--------+--------+--------+-----+--------+

Top non-repeatable levels by time:
     D:1: 409 daAuts
     D:2: 347 daAuts
     D:3: 58 daAuts
